cohdb
Replays
Latest Replays
All Replays
Popular Replays
Top Player Replays
Match Explorer
How It Works
Community
CoH3 Stats
Reddit
Sign in to upload your games and track your stats! →
Sign in with Steam
Match 44038592
Unlisted
Match 44038592
Overview
Messages
Build Orders
End
Royal Engineer Section
Royal Engineer Section
Selects Heavy Armor Battlegroup
Royal Engineer Section
Royal Engineer Section
Royal Engineer Section
Construct Section Command Post
Construct Field Infirmary
Selects Engineer Detachments
Construct Platoon Command Post
Selects Forward Repair Assembly
Selects UNKNOWN (2162094)
Unlock M3 Stuart Light Tanks
M3 Stuart Light Tank
M3 Stuart Light Tank
M3 Stuart Light Tank
Selects Light Vehicle Withdraw and Refit
M3 Stuart Light Tank
6-pounder Anti-tank Gun Team
6-pounder Anti-tank Gun Team
6-pounder Anti-tank Gun Team
Light Vehicle Training
Selects Radio Net
Selects Recon Artillery
Recon Artillery
Boar Hunter
Minipax
Esteban Gonzalez
Longski
Jd577
DEAAAATTTTTTHHHHHHHH
Verdun
Hex
0
0
Comments
sign in to comment!
No comments posted yet!